 Dungeon Crawl Stone Soup version 0.29.1-13-g9f3cf754e1 (webtiles) character file.

Game seed: 6049028160835251624

206 Thatpatchoflichen the Trooper (level 5, 0/59 HPs)
             Began as an Ogre Fighter on Jan 29, 2023.
             Slain by a quasit (1 damage)
             ... on level 4 of the Dungeon.
             The game lasted 00:06:32 (4397 turns).

Thatpatchoflichen the Trooper (Ogre Fighter)        Turns: 4397, Time: 00:06:34

Health: 0/59       AC:  4    Str: 20      XL:     5   Next: 84%
Magic:  5/5        EV:  8    Int:  9      God:
Gold:   121        SH:  6    Dex:  1 (10) Spells: 4/4 levels left

rFire   . . .      SeeInvis .   a - +0 long sword
rCold   . . .      Faith    .   c - +0 kite shield
rNeg    . . .      Spirit   .   b - +0 robe
rPois   .          Reflect  .   (helmet restricted)
rElec   .          Harm     .   i - +0 cloak
rCorr   .          Rampage  .   (gloves unavailable)
Will    .....                   (boots unavailable)
Stlth   +.........              (no amulet)
HPRegen 0.19/turn               (no ring)
MPRegen 0.09/turn               (no ring)

@: no status effects
A: large, unfitting armour, tough skin 1
a: no special abilities


You were on level 4 of the Dungeon.
You visited 1 branch of the dungeon, and saw 5 of its levels.

You collected 220 gold pieces.
You spent 99 gold pieces at shops.

Inventory:

Hand Weapons
 a - a +0 long sword (weapon)
Armour
 b - a +0 robe (worn)
 c - a +0 kite shield (worn)
 i - a +0 cloak (worn)
 s - a +0 cloak
Wands
 k - a wand of flame (10)
Scrolls
 g - 6 scrolls of identify {unknown}
 l - a scroll of amnesia {unknown}
 m - a scroll of summoning {unknown}
 o - a scroll of magic mapping {unknown}
Potions
 d - a potion of might
 e - 2 potions of brilliance {unknown}
 f - 2 potions of magic {unknown}
 h - a potion of curing {unknown}
 j - a potion of attraction {unknown}
 n - a potion of resistance {unknown}
 p - a potion of haste {unknown}
 q - a potion of mutation {unknown}
 r - a potion of degeneration {unknown}


   Skills:
 + Level 5.7 Fighting
 + Level 3.2 Long Blades
 - Level 3.0 Dodging
 + Level 4.3 Shields


You had 4 spell levels left.
You didn't know any spells.
Your spell library contained the following spells:

 Spells                   Type           Power      Damage    Failure   Level
 Summon Small Mammal      Summ           0%         N/A       67%         1
 Call Canine Familiar     Summ           0%         N/A       95%         3
 Summon Guardian Golem    Hex/Summ       0%         N/A       95%         3
 Tukima's Dance           Hex            0%         N/A       95%         3
 Animate Armour           Summ/Erth      0%         N/A       100%        4
 Passage of Golubria      Tloc           0%         N/A       100%        4
 Blade Hands              Tmut           0%         N/A       100%        5
 Yara's Violent Unravell  Hex/Tmut       0%         3d3       100%        5
 Iron Shot                Conj/Erth      0%         9d1       100%        6


Dungeon Overview and Level Annotations

Branches:
Dungeon (5/15)
 Temple: D:4-7

Altars:
Qazlal

Shops:
D:1 [


Innate Abilities, Weirdness & Mutations

You are too large for most types of armour.
You have tough skin. (AC +1)


Message History

The adder bites you.
* * * LOW HITPOINT WARNING * * *
There is a stone staircase leading down here.
The ufetubus attacks as you move away! The ufetubus hits you.
* * * LOW HITPOINT WARNING * * *
You block the ufetubus's attack. The quasit attacks as you move away!
The quasit barely misses you. The quasit claws you.
* * * LOW HITPOINT WARNING * * *
The quasit completely misses you. The ufetubus attacks as you move away!
The ufetubus barely misses you. You block the ufetubus's attack.
The quasit attacks as you move away! The quasit completely misses you.
The quasit claws you but does no damage. x2
You barely miss the quasit. The quasit barely misses you.
The quasit closely misses you. You block the quasit's attack.
The quasit barely misses you.
The quasit claws you but does no damage. x2
You completely miss the quasit. The quasit bites you.
* * * LOW HITPOINT WARNING * * *
The quasit claws you but does no damage.
The quasit barely misses you.
You miss the quasit. The quasit bites you.
* * * LOW HITPOINT WARNING * * *
You feel clumsy. The quasit claws you.
* * * LOW HITPOINT WARNING * * *
The quasit claws you.
* * * LOW HITPOINT WARNING * * *
The quasit bites you.
* * * LOW HITPOINT WARNING * * *
The quasit claws you but does no damage.
The quasit barely misses you.
You closely miss the quasit. You block the quasit's attack.
The quasit claws you.
* * * LOW HITPOINT WARNING * * *
The quasit claws you.
* * * LOW HITPOINT WARNING * * *
You feel clumsy. The quasit bites you.
You die...

#.# #.# #..... #.# ##.# #.....
###........... .######..# #.....
.......... #.# ........## #.....
#....... #.# ######...####..###
#..#...# #.# #.#..[....... #.....
#†# #####.#.......... #...#
#.####.......###.##...
#.>.#####.5S5@.###.#####.##...
#.........o#######.###.......#
.............### #..##...##...#
####..######...#####..........###
#..# #.#...##...#.....### #..#
#.###...........## #..# #.#
#.#.#..#.#.####### #..#
#[###..........# #.... #..#
##.....#......### #)...


You could see a quasit, an adder, an orc and an ufetubus.

Vanquished Creatures
  A hound (D:4)
  Natasha (thrice) (D:2)
  5 adders
  2 worms
  A dart slug (D:3)
  A bat (D:2)
  4 endoplasms
  5 goblins
  3 hobgoblins
  6 jackals
  3 quokkas
  5 ball pythons
  4 frilled lizards
  5 kobolds
  8 rats
56 creatures vanquished.

Vanquished Creatures (others)
  A plant (D:5)
1 creature vanquished.

Grand Total: 57 creatures vanquished

Notes
Turn   | Place    | Note
-------+----------+-------------------------------------------
     0 | D:1      | Thatpatchoflichen the Ogre Fighter began the quest for the
                  | Orb.
     0 | D:1      | Reached XP level 1. HP: 24/24 MP: 1/1
   386 | D:1      | Reached XP level 2. HP: 28/32 MP: 2/2
   445 | D:1      | Found Leruwiuc's Antique Armour Shoppe.
   586 | D:1      | Found a faded altar of an unknown god.
  1170 | D:2      | Reached XP level 3. HP: 33/40 MP: 3/3
  1240 | D:2      | Noticed Natasha
  1255 | D:2      | Killed Natasha
  1584 | D:2      | Found a stormy altar of Qazlal.
  1783 | D:2      | Reached XP level 4. HP: 35/49 MP: 4/4
  2030 | D:2      | Noticed Natasha
  2047 | D:2      | Killed Natasha
  2048 | D:2      | Reached skill level 5 in Fighting
  2434 | D:2      | Noticed Natasha
  2442 | D:2      | Killed Natasha
  2443 | D:2      | Reached XP level 5. HP: 40/57 MP: 5/5
  2916 | D:3      | Found a stormy altar of Qazlal.
  3946 | D:1      | Bought a cloak for 99 gold pieces
  4374 | D:5      | Entered Level 5 of the Dungeon
  4397 | D:4      | HP: 2/59 [quasit (2)]
  4397 | D:4      | Slain by a quasit

Illustrated notes

Levels and vault maps discovered:
D:1:      minmay_arrival_four_houses, layout_rooms,
          dreamdust_ecumenical_altar_grove, serial_shops, shop
D:2:      layout_basic, basic_altar, dreamdust_princess_bridge, uniq_natasha
D:3:      layout_basic, mainiacjoe_overflow_24_doors
D:4:      layout_rooms, ebering_ghost_reflecting_pool
D:5:      layout_basic, serial_demonic, serial_demonic_e, serial_demonic_c,
          serial_demonic_d, serial_demonic_d, serial_demonic_d,
          serial_demonic_c, grunt_decor_fettered, serial_bayou_crossing,
          uniq_edmund, uniq_menkaure, uniq_ijyb

Skill      XL: |  1  2  3  4  5 |
---------------+----------------+-----
Long Blades    | 2 3 |  3.2
Dodging        | 3 |  3.0
Fighting       | 5 |  5.7
Shields        | 4 |  4.3

Action                   |  1- 3 |  4- 6 || total
-------------------------+-------+-------++-------
Melee: Long sword        |   118 |   168 ||   286
Armor: Robe              |    53 |    69 ||   122
Dodge: Dodged            |    62 |   105 ||   167
Block: Kite shield       |    70 |    78 ||   148
